 Dungeon Crawl Stone Soup version 0.17-a0-910-ga669010 (webtiles) character file.

86 hornqvist the Insei (level 4, -3/24 HPs)
             Began as a Vine Stalker Monk on May 2, 2015.
             Was an Initiate of Gozag.
             Killed from afar by an orc wizard (10 damage)
             ... with a puff of flame
             ... on level 5 of the Dungeon.
             The game lasted 00:02:34 (1734 turns).

hornqvist the Insei (Vine Stalker Monk)             Turns: 1734, Time: 00:02:34

Health: -3/24      AC:  6    Str: 15    XL:     4   Next: 49%
Magic:  0/5        EV:  8    Int: 10    God:    Gozag
Gold:   278        SH:  0    Dex: 14    Spells: 0 memorised, 3 levels left

rFire  . . .     SeeInvis .     r - +1 whip (venom)
rCold  . . .     Clarity  .     e - +0 ring mail
rNeg   . . .     SustAb   .     k - +0 shield
rPois  .         Gourm    .     (no helmet)
rElec  .         Spirit   +     s - +0 cloak
rCorr  .         Warding  .     (no gloves)
rMut   .         Stasis   .     (no boots)
MR     .....                    (no amulet)
Stlth  ..........               (no ring)
                                g - -2 ring of dexterity (curse)

@: confused, drained, not resistant to hostile enchantments, extremely
unstealthy
A: fangs 2, regeneration 1, magic shield, antimagic bite, no device heal 3, rot
immunity
a: Potion Petition, Call Merchant, Bribe Branch, Renounce Religion


You were on level 5 of the Dungeon.
You worshipped Gozag.
Gozag was noncommittal.
You were not hungry.

You visited 1 branch of the dungeon, and saw 5 of its levels.

You collected 278 gold pieces.

Inventory:

Hand weapons
 r - a +1 whip of venom (weapon)
Armour
 a - a +0 helmet
 e - a +0 ring mail (worn)
 k - a +0 shield (worn)
 s - a +0 cloak (worn)
Jewellery
 g - a cursed -2 ring of dexterity (left hand)
Scrolls
 c - 6 scrolls of teleportation {unknown}
 d - 4 scrolls of identify {unknown}
 f - 2 scrolls of recharging {unknown}
 h - 2 scrolls of immolation {unknown}
 i - 4 scrolls of remove curse {unknown}
 j - a scroll of enchant weapon {unknown}
 m - a scroll of noise {unknown}
 p - a scroll of magic mapping {unknown}
 t - a scroll of amnesia {unknown}
 u - a scroll of blinking {unknown}
Potions
 l - a potion of might {unknown}
 n - 4 potions of curing {unknown}
 o - a potion of cancellation {unknown}
 q - a potion of haste {unknown}
Comestibles
 b - 2 bread rations


   Skills:
 + Level 3.4(3.2) Fighting
 * Level 1.8(1.6) Maces & Flails
 + Level 3.1(2.9) Dodging
 - Level 2.4(2.2) Stealth
 - Level 4.0(3.7) Unarmed Combat


You had 3 spell levels left.
You didn't know any spells.

Dungeon Overview and Level Annotations

Branches:
Dungeon (5/15)             Temple (0/1) D:4

Altars:
Gozag
Qazlal
Vehumet
The Shining One

Annotations:
D:4 hornqvist's ghost, experienced FoFi


Innate Abilities, Weirdness & Mutations

You have extremely sharp teeth.
Your natural rate of healing is unusually fast.
When hurt, damage is shared between your health and your magic reserves.
Your bite disrupts and absorbs the magic of your enemies.
Potions and wands cannot restore your health.
You are immune to rotting.


Message History

You miss something.
You hear some strange, mumbled words.
A magic dart appears from out of thin air!
The magic dart hits you!
* * * LOW HITPOINT WARNING * * *
You take 4 damage, and have 7/24 hp.
You completely miss something. Your bite misses something.
You hear some strange, mumbled words.
Something tries to affect you, but you resist.
You completely miss something. Your bite misses something.
Something hits you but does no damage. x2
You bump into the rock wall.
Something hits you.
* * * LOW HITPOINT WARNING * * *
You take 1 damage, and have 7/24 hp.
You bump into the rock wall.
You hear some strange, mumbled words.
A puff of flame appears from out of thin air!
The puff of flame hits you!
You die...
Your body crumbles into a pile of gold.

# #. #.# ###
#.########
..###.......#
#.#.#.####.#
#.##.#
...#.###.##@#
........<##{#
...########oo
####


You could see 2 orcs.

Vanquished Creatures
  Robin (D:3)
  2 adders
  A worm (D:3)
  4 giant geckos
  An orc (D:5)
  A bat (D:1)
  A giant cockroach (D:1)
  14 goblins
  8 hobgoblins
  7 kobolds
  A quokka (D:3)
  3 giant newts
  5 rats
  A bush (D:1)
50 creatures vanquished.

Notes
Turn   | Place    | Note
--------------------------------------------------------------
     0 | D:1      | hornqvist, the Vine Stalker Monk, began the quest for the Orb.
     0 | D:1      | Reached XP level 1. HP: 11/11 MP: 2/2
   217 | D:1      | Reached XP level 2. HP: 7/16 MP: 1/3
   679 | D:2      | Reached XP level 3. HP: 18/20 MP: 2/4
   927 | D:3      | Found a glowing golden altar of the Shining One.
   927 | D:3      | Found a radiant altar of Vehumet.
   928 | D:3      | Found an opulent altar of Gozag.
   936 | D:3      | Became a worshipper of Gozag Ym Sagoz the Greedy
   957 | D:3      | Noticed Robin
  1082 | D:3      | Found a stormy altar of Qazlal.
  1130 | D:3      | Killed Robin
  1130 | D:3      | Reached skill level 1 in Maces & Flails
  1176 | D:3      | Reached XP level 4. HP: 18/24 MP: 5/5
  1684 | D:4      | Found a staircase to the Ecumenical Temple.
  1688 | D:4      | Noticed hornqvist's ghost (experienced FoFi)
  1703 | D:5      | Entered Level 5 of the Dungeon
  1734 | D:5      | Killed from afar by an orc wizard

Action                   |  1- 3 |  4- 6 || total
-------------------------+-------+-------++-------
Melee: Unarmed           |   211 |       ||   211
       Whip              |    40 |    50 ||    90
  Eat: Beef jerky        |     1 |       ||     1
       Bread ration      |       |     1 ||     1
